 Dungeon Crawl Stone Soup version 0.17.0-18-gaab0e96 (webtiles) character file.

1631 ventricule the Spear-Bearer (level 8, -7/46 HPs)
             Began as a Tengu Arcane Marksman on Nov 11, 2015.
             Was a Follower of Ru.
             Mangled by a wight
             ... wielding a cursed +0 spear
              (8 damage)
             ... on level 6 of the Dungeon.
             The game lasted 00:18:10 (7551 turns).

ventricule the Spear-Bearer (Tengu Arcane Marksman) Turns: 7551, Time: 00:18:10

Health: -7/46      AC:  8    Str: 16    XL:     8   Next: 98%
Magic:  10/10      EV: 12    Int: 13    God:    Ru [*.....]
Gold:   364        SH:  0    Dex: 14    Spells: 1 memorised, 8 levels left

rFire  . . .     SeeInvis .     b - +0 trident
rCold  . . .     Clarity  .     B - +2 leather armour {MR+}
rNeg   . . .     SustAt   .     (no shield)
rPois  .         Gourm    .     (helmet restricted)
rElec  .         Spirit   .     s - +2 cloak
rCorr  .         Warding  .     (no gloves)
rMut   .         Stasis   .     (boots unavailable)
MR     ++...                    y - amulet of faith {!P}
Stlth  +.........               q - ring of protection from magic
                                u - +2 ring of strength

@: confused, drained, very resistant to hostile enchantments, very unstealthy
A: beak, talons 3, hated by all, able to fly 1
a: Fly, Renounce Religion


You were on level 6 of the Dungeon.
You worshipped Ru.
Ru was aware of your devotion.
You were hungry.

You visited 1 branch of the dungeon, and saw 6 of its levels.

You collected 364 gold pieces.


Innate Abilities, Weirdness & Mutations

You have a beak for a mouth.
You have claws for feet.
You are hated by all.
You can fly.


   Skills:
 - Level 3.0(2.4) Fighting
 + Level 8.8(8.1) Polearms
 + Level 7.0(6.3) Crossbows
 - Level 3.0(2.4) Armour
 - Level 2.1(1.6) Dodging
 - Level 1.0(0.4) Spellcasting
 - Level 2.1(1.6) Hexes


You had 8 spell levels left.
You knew the following spells:

 Your Spells              Type           Power        Failure   Level  Hunger
Z - Corona                Hex            #......      21%         1    ##.....

Inventory:

Hand Weapons
 a - a +0 hand crossbow
 b - a +0 trident (weapon)
 v - a +1 spear
Missiles
 k - 6 bolts
 C - 10 tomahawks (quivered)
Armour
 c - a +0 robe
 f - a +0 ring mail
 s - a +2 cloak (worn)
 x - a +0 scale mail
 B - a +2 leather armour of magic resistance (worn)
Jewellery
 j - an uncursed ring of stealth
 q - a ring of protection from magic (right hand)
 u - a +2 ring of strength (left hand)
 y - an amulet of faith (around neck) {!P}
Wands
 p - a wand of confusion (14)
 z - a wand of flame (21)
 A - a wand of confusion (17)
Scrolls
 l - 3 scrolls of immolation {!r}
 m - 3 scrolls of remove curse
 o - 2 scrolls of enchant weapon
Potions
 g - a potion of haste {@q3}
 h - 2 potions of curing {@q1}
 n - a potion of magic {unknown}
 r - 2 potions of mutation {!q}
 t - a potion of brilliance {unknown}
 E - a potion of agility {unknown}
Books
 d - a book of Debilitation

   Spells                             Type                      Level
   a - Corona                         Hexes                        1
   b - Slow                           Hexes                        2
   c - Gell's Gravitas                Hexes/Translocation          3
   d - Inner Flame                    Hexes/Fire                   3
   e - Cause Fear                     Hexes                        4
   f - Leda's Liquefaction            Hexes/Earth                  4
Comestibles
 e - 3 bread rations
 i - 3 meat rations

Dungeon Overview and Level Annotations

Branches:
Dungeon (6/15)
 Temple: D:4-7

Altars:
Dithmenos
Elyvilon
Kikubaaqudgha
Ru
Zin

▒.▒ ▒........▒.▒ ▒.▒
▒........▒.▒▒ ▒.▒
▒........▒..▒ ▒.▒
▒........▒▒.▒▒ ▒.▒
▒......>.▒▒..▒ ▒.▒
▒........▒▒▒.▒ ░,░
▒▒▒▒▒▒▒▒▒▒ ▒.▒▒ ░,░
▒▒▒▒▒▒▒▒▒▒ ▒..▒ ░,░░
▒5zzQ....▒▒▒▒ ▒▒..
░,,░▒▒.▒▒▒▒▒▒....▒▒▒▒▒▒▒▒.
░░,░▒..▒ ▒▒▒▒.......▒▒.
░,░▒.▒▒ ▒▒▒▒▒▒▒....
░░,░▒F▒░ ▒▒... ░▒....z.▒░
▒▒.. ░▒........▒░ ▒▒▒
▒..........▒ ▒..........▒


You could see 2 wights and a crimson imp.


Message History

You closely miss the wight. Your kick misses the wight.
The wight is heavily damaged.
You puncture the wight!
The wight is almost destroyed.
The wight hits you from afar with a spear.
* * * LOW HITPOINT WARNING * * *
The wight misses you.
You hit the wight but do no damage. Your peck misses the wight.
The wight is almost destroyed.
The crimson imp begins to attack, but is stunned by your will!
The wight hits you but does no damage.
The wight hits you with an enchanted morningstar.
* * * LOW HITPOINT WARNING * * *
You are feeling hungry.
You closely miss the wight. You claw the wight.
The wight is almost destroyed.
The wight hits you from afar with a spear.
* * * LOW HITPOINT WARNING * * *
You feel drained.
* * * LOW HITPOINT WARNING * * *
Drink which item? (? for menu, Esc to quit)
Really quaff
w - a potion of ambrosia {!q}?
You are confused.
You feel invigorated.
The wight hits you with an enchanted morningstar!
* * * LOW HITPOINT WARNING * * *
You feel drained.
* * * LOW HITPOINT WARNING * * *
The wight hits you from afar with a spear!
You die...

Action                   |  1- 3 |  4- 6 |  7- 9 || total
-------------------------+-------+-------+-------++-------
Melee: Unarmed           |    22 |       |       ||    22
       Spear             |    63 |   219 |       ||   282
       Trident           |       |    58 |   257 ||   315
 Fire: Hand crossbow     |       |    27 |    39 ||    66
Invok: Sacrifice Love    |       |       |     1 ||     1
Evoke: Wand              |       |       |     3 ||     3
  Use: Scroll            |       |    10 |     6 ||    16
       Potion            |       |       |     2 ||     2
 Stab: Sleeping          |     1 |     2 |       ||     3
  Eat: Chunk             |     1 |     9 |     9 ||    19
       Royal jelly       |       |       |     1 ||     1

Vault maps used:
D:1:      minmay_arrival_widening_spiral_wide
D:2:      elyvilon_altar_1, uniq_natasha, uniq_iyjb
D:3:      nicolae_dithmenos_through_a_glass_darkly,
          gammafunk_temple_overflow_wave, first_bread, minmay_crystal_room,
          minmay_box_of_dots
D:4:      minmay_temple_entry_poolview, uniq_blork_the_orc, uniq_duvessa
D:5:      kiku_gazebo_pond_becter, minmay_misc_feat_plants, uniq_menkaure,
          uniq_eustachio, uniq_sigmund
D:6:      lemuel_zombie_altar_yredelemnul, chei_slow_surprise

Notes
Turn   | Place    | Note
--------------------------------------------------------------
     0 | D:1      | ventricule the Tengu Arcane Marksman began the quest for the Orb.
     0 | D:1      | Reached XP level 1. HP: 12/12 MP: 3/3
   457 | D:1      | Reached XP level 2. HP: 16/16 MP: 4/4
   492 | D:1      | Reached skill level 3 in Crossbows
   968 | D:2      | Noticed Natasha
   974 | D:2      | Killed Natasha
   974 | D:2      | Reached skill level 1 in Polearms
   974 | D:2      | Reached XP level 3. HP: 20/20 MP: 5/5
   984 | D:2      | Noticed Natasha
   996 | D:2      | Killed Natasha
   996 | D:2      | Reached skill level 2 in Polearms
  1331 | D:2      | Reached XP level 4. HP: 25/25 MP: 6/6
  1377 | D:2      | Noticed Ijyb
  1386 | D:2      | Killed Ijyb
  1386 | D:2      | Reached skill level 4 in Crossbows
  1424 | D:2      | Found a white marble altar of Elyvilon.
  1799 | D:2      | Reached skill level 3 in Polearms
  1811 | D:2      | Gained mutation: You can fly. [Tengu growth]
  1811 | D:2      | Reached XP level 5. HP: 25/29 MP: 7/7
  2094 | D:3      | Found a shadowy altar of Dithmenos.
  2336 | D:3      | Found a glowing silver altar of Zin.
  2336 | D:3      | Found a sacrificial altar of Ru.
  2388 | D:3      | Became a worshipper of Ru the Awakened
  3064 | D:3      | Reached skill level 4 in Polearms
  3276 | D:3      | Reached XP level 6. HP: 31/34 MP: 8/8
  3446 | D:3      | Noticed Natasha
  3449 | D:3      | Killed Natasha
  3527 | D:3      | Reached skill level 5 in Polearms
  3686 | D:4      | Noticed Duvessa
  3686 | D:4      | Noticed Dowan
  3905 | D:4      | Killed Duvessa
  3905 | D:4      | Reached skill level 6 in Polearms
  3905 | D:4      | Reached XP level 7. HP: 13/38 MP: 9/9
  4126 | D:4      | Noticed Blork the orc
  4146 | D:4      | Killed Blork the orc
  4168 | D:4      | Reached skill level 7 in Polearms
  4581 | D:4      | Noticed a troll
  4823 | D:4      | Gained mutation: You are hated by all. [Ru sacrifice]
  4823 | D:4      | Reached * piety under Ru
  4856 | D:4      | Killed Dowan
  4856 | D:4      | Reached skill level 1 in Armour
  5425 | D:5      | Entered Level 5 of the Dungeon
  5539 | D:5      | Reached skill level 2 in Fighting
  5796 | D:5      | Reached skill level 2 in Armour
  5812 | D:5      | Noticed Menkaure
  5990 | D:5      | Noticed Eustachio
  6003 | D:5      | Killed Eustachio
  6003 | D:5      | Reached skill level 3 in Fighting
  6003 | D:5      | Reached skill level 3 in Armour
  6003 | D:5      | Reached XP level 8. HP: 30/46 MP: 10/10
  6175 | D:5      | Found an ancient bone altar of Kikubaaqudgha.
  6276 | D:5      | Reached skill level 5 in Crossbows
  6325 | D:5      | Noticed Sigmund
  6338 | D:5      | Killed Sigmund
  6398 | D:5      | Killed Menkaure
  6412 | D:5      | Reached skill level 8 in Polearms
  6412 | D:5      | Reached skill level 6 in Crossbows
  7544 | D:6      | Reached skill level 7 in Crossbows
  7551 | D:6      | HP: 2/46 [wight/enchanted morningstar (7)]
  7551 | D:6      | Mangled by a wight

Vanquished Creatures
  Sigmund (D:5)
  Eustachio (D:5)
  Menkaure (D:5)
  Duvessa (D:4)
  A phantom (D:6)
  2 giant frogs (D:6)
  Blork the orc (D:4)
  Dowan (D:4)
  A scorpion (D:5)
  2 wights (D:5)
  2 orc priests
  A giant frog skeleton (D:4)
  A centaur skeleton (D:5)
  Ijyb (D:2)
  2 hounds
  4 orc wizards
  Natasha (thrice) (D:2 D:3)
  2 worker ants (D:4)
  12 adders
  An ooze (D:3)
  5 worms
  An adder zombie (D:6)
  3 giant geckos
  21 orcs
  A ball python (D:3)
  10 giant cockroaches
  5 goblins
  8 hobgoblins
  14 jackals
  4 quokkas
  7 bats
  A giant gecko skeleton (D:5)
  3 giant newts
  6 kobolds
  7 rats
137 creatures vanquished.
